Cogmind - Beta 16 @@@ ROGUE MODE // 2025.12.05 @ 12:23:58 Player: h76 Result: Self-destructed Performance ------------- Evolutions (2) 1000 Regions Visited (6) 1200 Robots Destroyed (16) 80 Value Destroyed (210) 210 Prototype IDs (0) 0 Alien Tech Used (0) 0 Bonus (261) 261 TOTAL SCORE: 2751 Bonus ------- Aligned with FarCom 300 Friendly Fire -39 Cogmind --------- Core Integrity 66/550 Matter 280/300 Energy 100/100 System Corruption 0% Temperature Cool (0) Movement Core (50) Location -8/Storage Parts ------- > --- POWER (1) -------- (None) > --- PROPULSION (6) --- (None) > --- UTILITY (2) ------ Advanced Visual Processing Unit > --- WEAPON (2) ------- (None) > --- INVENTORY (5) ---- (None) Peak State ------------ > --- POWER ------------ Ion Engine > --- PROPULSION ------- Light Treads Light Treads > --- UTILITY ---------- Large Storage Unit Improved Terrain Scanner > --- WEAPON ----------- Assault Rifle Rocket Launcher > --- INVENTORY -------- Nuclear Core Reinforced Deuterium Engine Reinforced Deuterium Engine Tractor Beam Assault Rifle Light Assault Rifle Grenade Launcher Mining Laser [Rating: 11] Favorites ----------- Power Ion Engine Engine Ion Engine Power Core Nuclear Core Propulsion Light Treads Treads Light Treads Hover Unit Airjet Utility Improved Terrain Scanner Device Improved Terrain Scanner Storage Large Storage Unit Processor Advanced Visual Processing Unit Weapon Assault Rifle Ballistic Gun Assault Rifle Launcher Rocket Launcher Special Weapon Mining Laser Build | -11 -10 -10 -10 -9 -8 -8 ------- Run | Yrd Mat Min Exi Min Mat Sto Slots Evolved 4 | . . . . . 4 . Power . | . . . . . . . Propulsion 4 | . . . . . 4 . Utility . | . . . . . . . Weapon . | . . . . . . . Parts Attached 15 | 8 . . 3 1 3 . Power 3 | 1 . . 1 . 1 . Engine 2 | 1 . . 1 . . . Core 1 | . . . . . 1 . Reactor . | . . . . . . . Propulsion 3 | 2 . . . . 1 . Treads 2 | 2 . . . . . . Leg . | . . . . . . . Wheel . | . . . . . . . Hover 1 | . . . . . 1 . Flight . | . . . . . . . Utility 5 | 3 . . 1 . 1 . Device 2 | 2 . . . . . . Storage 2 | 1 . . 1 . . . Processor 1 | . . . . . 1 . Hackware . | . . . . . . . Protection . | . . . . . . . Artifact . | . . . . . . . Weapon 4 | 2 . . 1 1 . . Energy Gun . | . . . . . . . Energy Cannon . | . . . . . . . Ballistic Gun 2 | 2 . . . . . . Ballistic Cannon . | . . . . . . . Launcher 1 | . . . . 1 . . Special Weapon 1 | . . . 1 . . . Impact Weapon . | . . . . . . . Slashing Weapon . | . . . . . . . Piercing Weapon . | . . . . . . . Special Melee Weapon . | . . . . . . . Unidentified Prototypes . | . . . . . . . Parts Lost 3 | . . . . 1 2 . Power 1 | . . . . . 1 . Propulsion 1 | . . . . . 1 . Utility . | . . . . . . . Weapon 1 | . . . . 1 . . Highest Loss Streak 2 | . . . . 1 2 . To Critical Strikes . | . . . . . . . Average Backups 7 | 2 3 4 7 5 . . Power 2 | 1 1 1 2 2 . . Propulsion . | . . . . . . . Utility . | . 1 1 1 . . . Weapon 3 | . 1 2 4 2 . . Tool/Special . | . . . . . . . Unused Backups 5 | . . . . 5 . . Power 3 | . . . . 3 . . Propulsion . | . . . . . . . Utility . | . . . . . . . Weapon 2 | . . . . 2 . . Tool/Special . | . . . . . . . Average Slot Usage (%) 95 | . 100 100 100 53 10 . Engine 13 | . 14 14 14 6 . . Treads 26 | . 28 28 28 15 . . Device 13 | . 14 14 14 8 . . Storage 13 | . 14 14 14 8 . . Ballistic Gun 21 | . 28 28 21 4 . . Special Weapon 5 | . . . 6 3 . . Peak Build Rating 11 | 9 9 9 10 11 9 . Average Rating 9 | 5 9 9 9 5 4 . On Entrance 5 | . 9 9 9 10 . 3 Avg Prop Armor Cover (%) . | . . . . . . . Naked Turns 61 | . . . . 46 15 . Heaviest Build 32 | 15 15 15 30 32 7 . Greatest Support 40 | 40 40 40 40 40 8 . Greatest Overweight (x) 8 | 1 . . . 8 2 . Average Overweight (x) . | . . . . . . . Largest Inventory Capacity 15 | 8 8 8 15 15 5 . Average Capacity 13 | 7 8 8 14 11 5 . Most Carried 9 | 7 4 6 9 8 1 . Average Carried 7 | 2 3 4 7 4 . . Final Capacity 15 | 8 8 8 15 5 5 5 Final Carried 8 | 3 4 6 8 . . . Class Distribution -------------------- 99% | Mutant Dominant Class ---------------- Mutant | -10/Materials Mutant | -10/Mines Mutant | -10/Exiles Mutant | -9/Mines Mutant | -8/Materials Mutant | -8/Storage Resources | -11 -10 -10 -10 -9 -8 -8 ----------- Run | Yrd Mat Min Exi Min Mat Sto Matter Collected 512 | 251 77 92 . 77 15 . Remotely 69 | 69 . . . . . . Salvage Created 410 | 144 77 50 . 119 20 . Parts 33 | 8 3 7 . 14 1 . Haulers Intercepted . | . . . . . . . Recyclers Shooed 2 | . . . . 2 . . Parts Field Recycled . | . . . . . . . Retrieved Matter . | . . . . . . . Parts Self-Destructed . | . . . . . . . Prevented . | . . . . . . . Parts Restored . | . . . . . . . Kills | -11 -10 -10 -10 -9 -8 -8 ------- Run | Yrd Mat Min Exi Min Mat Sto Combat Hostiles Destroyed 11 | . 2 1 . 7 1 . Melee 5 | . . . . 4 1 . Guns 4 | . 2 1 . 1 . . AOE 2 | . . . . 2 . . Classes Destroyed 5 | 2 1 1 . 1 . . Builder 1 | . . . . 1 . . Tunneler 3 | 2 . 1 . . . . Recycler 1 | 1 . . . . . . Swarmer 9 | . . 1 . 7 1 . Grunt 2 | . 2 . . . . . Best Kill Streak 5 | 2 2 1 . 5 1 . Combat Bots Only 4 | . 2 1 . 4 1 . Max Kills in Single Turn 2 | 1 1 1 . 2 1 . Gunslinging . | . . . . . . . Exploded 1 | . . . . 1 . . Melee 1 | . . . . 1 1 . Uniques/NPCs Destroyed . | . . . . . . . Combat | -11 -10 -10 -10 -9 -8 -8 -------- Run | Yrd Mat Min Exi Min Mat Sto Hostile Shots Fired 136 | . 27 7 . 50 52 . Missed 44 | . 7 2 . 25 10 . Hits 92 | . 20 5 . 25 42 . Projectile 92 | . 20 5 . 25 42 . Critical Strikes 4 | . . . . . 4 . Damage Taken 1279 | . 225 42 . 404 608 . Core 686 | . 22 7 . 173 484 . Absorbed by Shields . | . . . . . . . Core Remaining (%) 59 | 100 . . . 19 . . Volleys Fired 47 | 7 19 5 9 7 . . Largest 2 | 2 2 2 1 2 . . Hottest 100 | 40 40 40 100 53 . . Shots Fired 81 | 14 38 10 9 10 . . Gun 66 | 14 38 10 . 4 . . Cannon . | . . . . . . . Launcher 6 | . . . . 6 . . Special 9 | . . . 9 . . . Kinetic 66 | 14 38 10 . 4 . . Thermal 9 | . . . 9 . . . Explosive 6 | . . . . 6 . . Electromagnetic . | . . . . . . . Robot Hit Streak 9 | 5 9 4 . 6 . . Robot Miss Streak 4 | 1 4 1 . 2 . . Penetration Max . | . . . . . . . Secondary Targets 1 | . . 1 . . . . Max Gunslinging Chain 1 | . . 1 . . . . Shots Hit Robots 43 | 9 26 6 . 2 . . Core Hits 30 | 4 4 2 . 16 4 . Critical Kills 1 | . . 1 . . . . Critical Parts Destroyed 1 | 1 . . . . . . Critical Strikes 2 | 1 . 1 . . . . Destroy 2 | 1 . 1 . . . . Melee Attacks . | . . . . . . . Impact . | . . . . . . . Slashing . | . . . . . . . Piercing . | . . . . . . . Sneak Attacks . | . . . . . . . Combat Hostiles . | . . . . . . . Follow-up Attacks . | . . . . . . . Damage Inflicted 800 | 116 355 93 . 219 17 . Guns 587 | 116 355 93 . 23 . . Cannons . | . . . . . . . Explosions 130 | . . . . 130 . . Melee . | . . . . . . . Ramming 83 | . . . . 66 17 . Kinetic 587 | 116 355 93 . 23 . . Thermal . | . . . . . . . Explosive 130 | . . . . 130 . . Electromagnetic . | . . . . . . . Impact . | . . . . . . . Slashing . | . . . . . . . Piercing . | . . . . . . . Highest Corruption 1 | . . . . 1 . . Average Corruption 1 | . . . . 1 . . Corruption Purged . | . . . . . . . Corruption Blocked . | . . . . . . . Overload Shots . | . . . . . . . Overflow Damage . | . . . . . . . Projectiles . | . . . . . . . Explosions . | . . . . . . . Melee . | . . . . . . . Knockbacks . | . . . . . . . Impact . | . . . . . . . Kinetic . | . . . . . . . Secondary . | . . . . . . . Self-Inflicted Damage 207 | . . . . 200 7 . Shots 4 | . . . . 4 . . Rammed 27 | . . . . 21 6 . Targets Rammed 27 | . . . . 21 6 . Kicked . | . . . . . . . Crushed . | . . . . . . . Highest Temperature 44 | . . . 44 8 5 . Average Temperature 17 | . . . 18 6 5 . Received Heat Transfer 264 | . 120 . . . 144 . Siege Activations . | . . . . . . . Martial Activations . | . . . . . . . Shielding Activations . | . . . . . . . Robots Disrupted . | . . . . . . . Combat Hostiles . | . . . . . . . Robots Corrupted . | . . . . . . . Combat Hostiles . | . . . . . . . Parts Fried . | . . . . . . . Impact Corruptions . | . . . . . . . Robots Melted . | . . . . . . . Combat Hostiles . | . . . . . . . Parts Melted . | . . . . . . . Heat Transferred . | . . . . . . . Parts Sabotaged . | . . . . . . . Parts Stolen . | . . . . . . . Parts Stripped . | . . . . . . . Power Chain Reactions . | . . . . . . . Alert | -11 -10 -10 -10 -9 -8 -8 ------- Run | Yrd Mat Min Exi Min Mat Sto Maximum Alert Level . | . . . . . . . Low Security (%) 100 | 100 100 100 . 100 100 . Level 1 . | . . . . . . . Level 2 . | . . . . . . . Level 3 . | . . . . . . . Level 4 . | . . . . . . . Level 5 . | . . . . . . . High Security . | . . . . . . . Max Security . | . . . . . . . Peak Influence 178 | 5 30 30 . 178 88 . Initial 68 | . . . . . 68 26 Average 28 | 1 6 4 . 88 69 . Influence Increases 383 | 15 40 35 . 238 55 . Destroy 0b10 Robot/C 220 | . 40 20 . 140 20 . Destroy 0b10 Robot/NC 25 | 15 . 5 . 5 . . Destroy Leader 30 | . . 10 . 20 . . Successful Hack 5 | . . . . . 5 . Disable Machine 30 | . . . . 30 . . Destroy Structure 43 | . . . . 43 . . Partial Spotted 30 | . . . . . 30 . Influence Decreases 357 | 15 40 35 . 60 170 37 Entered New Map 147 | . . . . . 110 37 Time Decay 180 | 15 40 35 . 50 40 . Lost Part 30 | . . . . 10 20 . Squads Dispatched 4 | . 2 . . . 2 . Investigation 1 | . . . . . 1 . Extermination . | . . . . . . . Reinforcement 3 | . 2 . . . 1 . Assault . | . . . . . . . Garrison . | . . . . . . . Intercept . | . . . . . . . Searches Triggered . | . . . . . . . Construction Impeded . | . . . . . . . Haulers Reinforced . | . . . . . . . Active Scanning Responses . | . . . . . . . Cargo Convoy Interrupts . | . . . . . . . Stealth | -11 -10 -10 -10 -9 -8 -8 --------- Run | Yrd Mat Min Exi Min Mat Sto Distress Signals 3 | . 2 . . . 1 . Communications Jammed . | . . . . . . . Distress Signals . | . . . . . . . Times Spotted 27 | . 5 3 . 8 11 . Peak Tracking Total 9 | . 3 3 . 4 9 . Tactical Retreats . | . . . . . . . Traps | -11 -10 -10 -10 -9 -8 -8 ------- Run | Yrd Mat Min Exi Min Mat Sto Traps Triggered . | . . . . . . . Indirectly . | . . . . . . . Trap Hack Attempts . | . . . . . . . Triggered . | . . . . . . . Disarmed . | . . . . . . . Reprogrammed . | . . . . . . . Reused . | . . . . . . . Traps Extracted . | . . . . . . . Installed . | . . . . . . . Triggered . | . . . . . . . Machines | -11 -10 -10 -10 -9 -8 -8 ---------- Run | Yrd Mat Min Exi Min Mat Sto Machines Disabled 2 | . . . . 2 . . Max in Single Turn 1 | . . . . 1 . . Machines Repaired . | . . . . . . . Machines Dismantled . | . . . . . . . Machines Sabotaged . | . . . . . . . Overloaded Fab Kills . | . . . . . . . Hacking | -11 -10 -10 -10 -9 -8 -8 --------- Run | Yrd Mat Min Exi Min Mat Sto Machines Accessed 5 | . . . 4 . 1 . Terminals 1 | . . . . . 1 . Fabricators . | . . . . . . . Repair Stations . | . . . . . . . Recycling Units . | . . . . . . . Scanalyzers . | . . . . . . . Garrison Access . | . . . . . . . Total Hacks 52 | . . . 49 . 3 . Successful 50 | . . . 49 . 1 . Failed 2 | . . . . . 2 . Catastrophic . | . . . . . . . Database Lockouts . | . . . . . . . Manual . | . . . . . . . Terminals 3 | . . . . . 3 . Fabricators . | . . . . . . . Repair Stations . | . . . . . . . Recycling Units . | . . . . . . . Scanalyzers . | . . . . . . . Garrison Access . | . . . . . . . Terminal Hacks 50 | . . . 49 . 1 . Record 49 | . . . 49 . . . Zone Layout 1 | . . . . . 1 . Fabricator Hacks . | . . . . . . . Repair Station Hacks . | . . . . . . . Recycling Unit Hacks . | . . . . . . . Scanalyzer . | . . . . . . . Garrison Access Hacks . | . . . . . . . Unauthorized Hacks . | . . . . . . . Terminals . | . . . . . . . Fabricators . | . . . . . . . Repair Stations . | . . . . . . . Recycling Units . | . . . . . . . Scanalyzers . | . . . . . . . Garrison Access . | . . . . . . . Data Cores Recovered . | . . . . . . . Used . | . . . . . . . Hacking Detections 1 | . . . . . 1 . Full Trace Events 1 | . . . . . 1 . Feedback Events . | . . . . . . . Feedback Blocked . | . . . . . . . Robot Schematics Acquired . | . . . . . . . Robots Built . | . . . . . . . Authchips . | . . . . . . . Time . | . . . . . . . Total Robot Build Rating . | . . . . . . . Part Schematics Acquired . | . . . . . . . Parts Built . | . . . . . . . Authchips . | . . . . . . . Time . | . . . . . . . Total Part Build Rating . | . . . . . . . Part Studies Acquired . | . . . . . . . Parts Repaired . | . . . . . . . Time . | . . . . . . . Parts Recycled . | . . . . . . . Recycled Matter . | . . . . . . . Retrieved Matter . | . . . . . . . Retrieved Components . | . . . . . . . Parts Scanalyzed . | . . . . . . . Part Schematics Acquired . | . . . . . . . Parts Damaged . | . . . . . . . Bothacking | -11 -10 -10 -10 -9 -8 -8 ------------ Run | Yrd Mat Min Exi Min Mat Sto Used RIF Installer . | . . . . . . . Robots Hacked . | . . . . . . . Non-combat . | . . . . . . . Combat . | . . . . . . . Robot Hacks Applied . | . . . . . . . Relay Couplers Released . | . . . . . . . Fabnet Peak Effective % . | . . . . . . . Robots Rewired . | . . . . . . . Allies Hacked . | . . . . . . . Hacks Repelled . | . . . . . . . Allies | -11 -10 -10 -10 -9 -8 -8 -------- Run | Yrd Mat Min Exi Min Mat Sto Total Allies . | . . . . . . . Largest Group . | . . . . . . . Highest-Rated Group . | . . . . . . . Highest-Rated Ally . | . . . . . . . Total Orders . | . . . . . . . Ally Attacks . | . . . . . . . Total Damage . | . . . . . . . Kills . | . . . . . . . Allies Corrupted . | . . . . . . . Allies Melted . | . . . . . . . Intel | -11 -10 -10 -10 -9 -8 -8 ------- Run | Yrd Mat Min Exi Min Mat Sto Active Infowar (turns) 3785 | 28 151 211 3292 74 29 . Optics 29 | . . . . . 29 . Terrain 3756 | 28 151 211 3292 74 . . Robot Analysis Total . | . . . . . . . Derelict Logs Recovered . | . . . . . . . Drone Launches . | . . . . . . . Drone Recoveries . | . . . . . . . Exploration | -11 -10 -10 -10 -9 -8 -8 ------------- Run | Yrd Mat Min Exi Min Mat Sto Turns Passed 3983 | 110 151 211 3292 121 98 . Spaces Moved 2452 | 53 59 122 2021 72 125 . Core 132 | 17 . . . 50 65 . Treads 2260 | 36 59 122 2021 22 . . Legs . | . . . . . . . Wheels . | . . . . . . . Hover 60 | . . . . . 60 . Flight . | . . . . . . . Fastest Speed 50 | 50 160 160 160 50 50 . Average Speed 152 | 136 160 160 160 105 61 . Slowest Speed 450 | 160 160 160 160 450 150 . Overloaded Moves . | . . . . . . . Propulsion Burnouts . | . . . . . . . Robots Hopped . | . . . . . . . Potential Cave-ins . | . . . . . . . Cave-ins Triggered . | . . . . . . . Exploration Rate (%) 26 | 4 16 32 94 17 21 1 Regions Visited 6 Branch Regions 4 Pre-discovered Areas 1 | . . . 1 . . . Known Exits Taken . | . . . . . . . Unknown Exits Taken 6 | 1 1 1 1 1 1 . Scrap Searched . | . . . . . . . Spaces Dug 7 | . . . 7 . . . Terrain Destroyed 63 | . . . 7 56 . . Melee . | . . . . . . . Projectile 7 | . . . 7 . . . AOE 56 | . . . . 56 . . Terrain Rammed . | . . . . . . . Walls Destroyed . | . . . . . . . Machines Disabled . | . . . . . . . Actions | -11 -10 -10 -10 -9 -8 -8 --------- Run | Yrd Mat Min Exi Min Mat Sto Total 2592 | 77 78 128 2053 111 145 . Wait 10 | . . . 1 . 9 . Move 2446 | 52 58 121 2020 71 124 . Hop . | . . . . . . . Pick Up 19 | 10 1 2 3 . 3 . Fast Attach . | . . . . . . . Attach 11 | 7 . . 1 . 3 . Detach . | . . . . . . . Swap 4 | 1 . . 2 1 . . Drop 13 | . . . 2 11 . . Fire 47 | 7 19 5 9 7 . . Melee . | . . . . . . . Ram 27 | . . . . 21 6 . Kick . | . . . . . . . Crush . | . . . . . . . Escape Stasis . | . . . . . . . Rewire 15 | . . . 15 . . . Trap . | . . . . . . . Miscellaneous . | . . . . . . . Route ------- -11/Scrapyard -10/Materials -10/Mines (discovered 2 exits: [*Mat] / *Exi) -10/Exiles (discovered 2 exits: [*Min x2]) -9/Mines -8/Materials -8/Storage History --------- Turn | Location | Event 20 | -11/Scrapyard | Discovered new exit (range 16) 111 | -11/Scrapyard | Entered Materials 227 | -10/Materials | Met 8R-AWN 254 | -10/Materials | Discovered new exit (range 6) 262 | -10/Materials | Entered Mines 264 | -10/Mines | Followed 8R-AWN into the Mines 302 | -10/Mines | Build established: Mutant 363 | -10/Mines | Received a Rocket Launcher from a helpful Derelict 411 | -10/Mines | Discovered new exit (range 2) 432 | -10/Mines | Discovered new exit (range 8) 473 | -10/Mines | Entered Exiles 506 | -10/Exiles | Discovered new exit (range 15) 560 | -10/Exiles | Welcomed by 8R-AWN 592 | -10/Exiles | Met EX-HEX 661 | -10/Exiles | Met EX-DEC 706 | -10/Exiles | Learned location of Zion (-7) 788 | -10/Exiles | Discovered new exit (range 14) 934 | -10/Exiles | Met EX-BIN 1255 | -10/Exiles | Visited The Gauntlet 2208 | -10/Exiles | Aligned with FarCom system 2209 | -10/Exiles | Given EX-Vault access code 2703 | -10/Exiles | Learned about 8R-AWN's background 3765 | -10/Exiles | Entered Mines 3859 | -9/Mines | Discovered new exit (range 10) 3864 | -9/Mines | Core integrity fell below 50% 3885 | -9/Mines | Core integrity fell below 20% 3886 | -9/Mines | Entered Materials 3886 | -8/Materials | Evolved 4 slots: Propulsion x4 3964 | -8/Materials | Discovered new exit (range 18) 3971 | -8/Materials | Core integrity fell below 50% 3983 | -8/Materials | Core integrity fell below 20% 3984 | -8/Materials | Entered Storage 3984 | -8/Storage | Self-destructed Last Messages --------------- ALERT: Suspicious activity at Terminal M002. Dispatching Investigation squad. Nuclear Core destroyed. Acquired 15 matter. Slammed into H-55 Commando. Destabilizing: Core damaged (-5). Critical hit (Burn: +37). R-06 Scavenger destroyed. Penetrated by Slug. Slug penetrates Wall. W-25 Informer sends out distress signal. O-16 Technician: "IFF HANDSHAKE FAILED. SECURING TERMINAL." Penetrated by Slug. ALERT: Hostiles spotted, dispatching reinforcements to Terminal M011. K-01 Serf collects debris. LOCATION=UNKNOWN GOAL=ESCAPE Receiving FarCom transmissions... Map ----- +----------------------------------------------------+ | | | | | | | | | | | | | | | | | | | | | | | | | | | | | | | | | | | | | | | ?????????????????????????????????? | | ?????????????????????????????????? | | ?????????????????????????????????? | | ?????????????????????????????????? | | ???????############??????????????? | | ???????# #??????????????? | | ???????# @ #??????????????? | | ???????# #??????????????? | | ???????######## #??????????????? | | ??????????????????#??????????????? | | ?????????????????????????????????? | | ?????????????????????????????????? | | ?????????????????????????????????? | | ?????????????????????????????????? | | ?????????????????????????????????? | | ?????????????????????????????????? | | ?????????????????????????????????? | | ?????????????????????????????????? | | ?????????????????????????????????? | | ?????????????????????????????????? | | ?????????????????????????????????? | | ?????????????????????????????????? | | ?????????????????????????????????? | | ?????????????????????????????????? | | ?????????????????????????????????? | | ?????????????????????????????????? | | ?????????????????????????????????? | | ?????????????????????????????????? | | ?????????????????????????????????? | | ?????????????????????????????????? | | ?????????????????????????????????? | +----------------------------------------------------+ Best States ------------- Heat Dissipation 31 Energy Generation 14 Energy Capacity 250 Matter Stores 280 Matter Capacity 300 Sight Range 20 Terrain Scan Range 16 Terrain Scan Density 10 Evasion (%) 53 Recoil Reduction 2 Item Schematics ----------------- None Robot Schematics ------------------ None Fabricated ------------ Nothing Repaired ---------- Nothing Studied --------- None Alien Tech Used ----------------- None Achievements -------------- Fist Fight Follow The Leader Sixth Sense Spot Them First Challenges ------------ None Game ------ Seed AuthchipImpactMask Manual? 0 Play Time 00:26:24 Cumulative 3.4 hours Start 2025.12.05 @ 06:29:03 End 2025.12.05 @ 12:23:58 Sessions 1 Manual Loads 0 Difficulty Rogue Special Mode None Game No. 7 Rogue 7 Adventurer 0 Explorer 0 Win Type - Total 0 Types 0/0/0/0/0/0/0/0/0/0 Lore% 6 Gallery% 7 Achievement% 8 Wizard Run 0 Options --------- Layout 1 ASCII 0 Keyboard 0 Movement Mouse Keybinds 0 Fullscreen 1 Font 16/SmallcapsGlow Map View 50x35 Zoom Use 99% Tactical HUD 0 Map Filters NONE Filters NONE Steam 1 RUN: 86dbc9a5-b8bb-4825-8802-a9a8579df31e